 Dungeon Crawl Stone Soup version 0.28.0 (webtiles) character file.

Game seed: 3762278930700184573

796 crazypyro the Chopper (level 7, 0/60 HPs)
             Began as a Minotaur Fighter on Feb 8, 2022.
             Slain by Maggie (7 damage)
             ... on level 6 of the Dungeon.
             The game lasted 00:03:52 (5515 turns).

crazypyro the Chopper (Minotaur Fighter)            Turns: 5515, Time: 00:03:53

Health: 0/60       AC:  6    Str: 23    XL:     7   Next: 58%
Magic:  6/6        EV: 12    Int:  5    God:
Gold:   234        SH: 10    Dex: 13    Spells: 6/6 levels left

rFire   . . .      SeeInvis +   a - +1 war axe
rCold   + . .      Faith    .   c - +0 buckler
rNeg    . . .      Spirit   .   v - +0 ring mail of Makhleb's Fury {-Cast Dex+4 SInv}
rPois   .          Reflect  +   k - +0 hat
rElec   .          Harm     .   (no cloak)
rCorr   .          Rampage  .   (no gloves)
Will    .....      NoCast   +   (no boots)
Stlth   +.........              w - amulet of reflection
HPRegen 0.20/turn               g - ring of protection from cold
MPRegen 0.10/turn               (no ring)

@: mighty, mesmerised
A: horns 2, retaliatory headbutt
a: no special abilities


You were on level 6 of the Dungeon.
You visited 1 branch of the dungeon, and saw 6 of its levels.

You collected 234 gold pieces.

Inventory:

Hand Weapons
 a - a +1 war axe (weapon)
 o - the +5 quarterstaff "Hacsit" {venom, rC+}
   (You took it off a goblin on level 2 of the Dungeon)

   It poisons the flesh of those it strikes.
   rC:        It protects you from cold.
Armour
 b - a +0 scale mail
 c - a +0 buckler (worn)
 k - a +0 hat (worn)
 v - the +0 ring mail of Makhleb's Fury (worn) {-Cast Dex+4 SInv}
   (You found it on level 5 of the Dungeon)

   Dex:       It affects your dexterity (+4).
   SInv:      It lets you see invisible.
   -Cast:     It prevents spellcasting.
Jewellery
 g - a ring of protection from cold (left hand)
 w - an amulet of reflection (around neck)
Wands
 s - a wand of flame (3)
Scrolls
 e - 2 scrolls of teleportation {unknown}
 h - a scroll of enchant armour {unknown}
 l - 7 scrolls of identify
 m - a scroll of magic mapping
 u - 2 scrolls of blinking {unknown}
Potions
 d - a potion of might
 f - 2 potions of invisibility {unknown}
 i - 3 potions of curing
 j - a potion of cancellation {unknown}
 n - a potion of flight {unknown}
 p - a potion of degeneration {unknown}
 q - 2 potions of resistance {unknown}
 r - a potion of heal wounds {unknown}
 t - a potion of berserk rage {unknown}


   Skills:
 + Level 4.9 Fighting
 * Level 7.4 Axes
 + Level 4.9 Armour
 + Level 3.6 Dodging
 + Level 5.0 Shields


You had 6 spell levels left.
You didn't know any spells.
Your spell library contained the following spells:

 Spells                   Type           Power      Damage    Failure   Level
 Slow                     Hex            0%         N/A       71%         1
 Confusing Touch          Hex            0%         N/A       97%         3
 Ignite Poison            Fire/Tmut/Pois 0%         N/A       97%         3
 Mephitic Cloud           Conj/Pois/Air  0%         N/A       97%         3
 Vampiric Draining        Necr           0%         2d6       97%         3
 Freezing Cloud           Conj/Ice/Air   0%         6-21      100%        5


Dungeon Overview and Level Annotations

Branches:
Dungeon (6/15)
 Temple: D:4-7

Altars:
Makhleb
Sif Muna

Shops:
D:1 *   D:5 !

Annotations:
D:2 1 runed translucent door, Crazy Yiuf
D:6 Maggie


Innate Abilities, Weirdness & Mutations

You have a pair of horns on your head.
You reflexively headbutt those who attack you in melee.


Message History

The killer bee zombie hits you but does no damage.
You slash the killer bee zombie! You headbutt the killer bee zombie!
You destroy the killer bee zombie!
Found a scroll labelled IWYVUPOCWU.
The adder barely misses you. The adder closely misses you.
You furiously retaliate!
You headbutt the adder! You slash the adder!
You kill the adder!
No target in view!
No target in view!
Maggie the Vainglorious comes into view.
She is wielding a +0 vorpal scimitar.
Maggie shouts!
Maggie moves out of view.
Found a flail and 2 scrolls labelled JISHRAY DOAMUUGG.
An ice beast comes into view.
Maggie casts a spell.
Maggie attempts to bespell you!
You easily resist.
Maggie gestures at you while chanting. The bolt of fire hits you!!
You hit Maggie but do no damage. Your headbutt misses Maggie.
Maggie gestures at you while chanting. The bolt of fire hits you!
You are too injured to fight recklessly!
You are too injured to fight recklessly!
You barely miss Maggie.
Maggie gestures wildly while chanting.
Maggie attempts to bespell you!
You are mesmerised by Maggie!
You block the ice beast's attack.
You hit Maggie.
Maggie is lightly wounded.
You hit the ice beast.
Maggie hits you with a +0 vorpal scimitar!
* * * LOW HITPOINT WARNING * * *
x2 The ice beast hits you but does no damage.
Maggie mumbles some strange words.
Maggie draws you further into her thrall.
You feel very mighty all of a sudden. You block the ice beast's attack.
Maggie hits you with a +0 vorpal scimitar!
You die...

... ... .#..
#...... #....
.#.#.# .....
...#.##....? .
....#...... .
$...#.....# #.
#.#@Y.....) #.
#.#@.......
#####.##.#.^.?....
......†..........#
####....##.....##
.... #.#.## .....#
#.#.##.#.# ##.###
#....#.#.#####.# #
#..............# #
# #...#[#.#######


You could see Maggie (mesmerising) and an ice beast.

Vanquished Creatures
  A black bear (D:5)
  A phantom (D:5)
  A scorpion (D:5)
  A wyvern zombie (D:5)
  2 water moccasin skeletons (D:5)
  3 hounds
  An orc priest (D:3)
  A centaur skeleton (D:4)
  Natasha (thrice) (D:2)
  An orc wizard (D:4)
  A killer bee zombie (D:6)
  2 hound skeletons (D:4)
  5 adders
  A shadow imp (D:4)
  An ufetubus (D:4)
  3 worms
  A dart slug (D:3)
  6 orcs
  4 bats
  7 endoplasms
  A giant cockroach (D:1)
  4 goblins
  6 hobgoblins
  4 kobolds
  3 quokkas
  7 ball pythons
  7 rats
78 creatures vanquished.

Notes
Turn   | Place    | Note
-------+----------+-------------------------------------------
     0 | D:1      | crazypyro the Minotaur Fighter began the quest for the Orb.
     0 | D:1      | Reached XP level 1. HP: 19/19 MP: 0/0
    80 | D:1      | Reached skill level 3 in Axes
   245 | D:1      | Found Qaniklil's Assorted Antiques.
   421 | D:1      | Reached XP level 2. HP: 21/26 MP: 1/1
   537 | D:1      | Found a faded altar of an unknown god.
  1083 | D:2      | Reached skill level 4 in Axes
  1202 | D:2      | Noticed Natasha
  1209 | D:2      | Killed Natasha
  1210 | D:2      | Reached skill level 1 in Dodging
  1210 | D:2      | Reached XP level 3. HP: 16/31 MP: 2/2
  1368 | D:2      | Found a shimmering blue altar of Sif Muna.
  1406 | D:2      | Identified the +5 quarterstaff "Hacsit" {venom, rC+}
  1750 | D:2      | Noticed Natasha
  1759 | D:2      | Killed Natasha
  1760 | D:2      | Reached skill level 5 in Axes
  1760 | D:2      | Reached XP level 4. HP: 17/39 MP: 3/3
  2099 | D:2      | Noticed Natasha
  2108 | D:2      | Killed Natasha
  2559 | D:2      | Found a runed translucent door.
  2560 | D:2      | Noticed Crazy Yiuf
  3493 | D:3      | Reached XP level 5. HP: 46/46 MP: 4/4
  3536 | D:3      | Found a burning altar of Makhleb.
  3538 | D:3      | Noticed an Executioner
  4006 | D:4      | Reached skill level 6 in Axes
  4209 | D:4      | Reached XP level 6. HP: 48/52 MP: 5/5
  4734 | D:5      | Entered Level 5 of the Dungeon
  4774 | D:5      | Identified the +0 ring mail of Makhleb's Fury {-Cast Dex+4
                  | SInv}
  4948 | D:5      | Reached XP level 7. HP: 48/60 MP: 6/6
  5011 | D:5      | Reached skill level 7 in Axes
  5360 | D:5      | Reached skill level 5 in Shields
  5432 | D:5      | Found Bidghud's Distillery.
  5508 | D:6      | Noticed Maggie
  5515 | D:6      | Slain by Maggie

Illustrated notes

Levels and vault maps discovered:
D:1:      heliophobic_arrival_enchanted_forest, layout_basic,
          hellmonk_ecumenical_altar_lost_god, serial_shops, shop
D:2:      layout_loops_ring, serial_glass, glass_columns_b, glass_columns_b,
          glass_columns_a, glass_columns_a, glass_columns_a, glass_columns_b,
          item_on_display_a, due_unseen_surprise, basic_altar, uniq_natasha,
          uniq_crazy_yiuf_cottage
D:3:      layout_loops_ring, makhleb_altar_promises_db, grunt_decor_junction
D:4:      kennysheep_big_flooded_room, layout_basic, st_stairs_14
D:5:      layout_basic, serial_shops, kennysheep_mini
D:6:      layout_loops_ring, kennysheep_doodads, uniq_duvessa, uniq_maggie

Skill      XL: |  1  2  3  4  5  6  7 |
---------------+----------------------+-----
Axes           | 3 4 5 6 7 |  7.4
Dodging        | 1 2 3 |  3.6
Fighting       | 4 |  4.9
Armour         | 4 |  4.9
Shields        | 4 5 |  5.0

Action                   |  1- 3 |  4- 6 |  7- 9 || total
-------------------------+-------+-------+-------++-------
Melee: War axe           |    65 |   127 |    27 ||   219
       Headbutt          |     6 |    18 |    10 ||    34
  Use: Scroll            |       |     5 |       ||     5
       Potion            |       |       |     1 ||     1
Armor: Scale mail        |    15 |    42 |       ||    57
       Ring mail         |       |     7 |     6 ||    13
Dodge: Dodged            |    25 |    44 |    16 ||    85
Block: Buckler           |    17 |    28 |    11 ||    56
